 Dungeon Crawl Stone Soup version 0.20-a0-251-g16a58bf (webtiles) character file.

28 feito the Vexing (level 3, 0/20 HPs)
             Began as a Kobold Arcane Marksman on Nov 30, 2016.
             Slain by a hobgoblin
             ... wielding a +0 club
             ... led by Robin
              (6 damage)
             ... on level 2 of the Dungeon.
             The game lasted 00:05:49 (1060 turns).

feito the Vexing (Kobold Arcane Marksman)           Turns: 1060, Time: 00:05:50

Health: 0/20       AC:  2    Str:  8    XL:     3   Next: 30%
Magic:  4/4        EV: 16    Int: 14    God:
Gold:   83         SH:  0    Dex: 18    Spells: 3/4 levels left

rFire  . . .     SeeInvis .     b - +0 short sword
rCold  . . .     Gourm    .     e - +0 robe
rNeg   . . .     Faith    .     (shield restricted)
rPois  .         Spirit   .     (no helmet)
rElec  .         Reflect  .     (no cloak)
rCorr  .         Harm     .     (no gloves)
MR     .....                    (no boots)
Stlth  ++........               (no amulet)
                                (no ring)
                                h - +3 ring of dexterity

@: no status effects
A: carnivore 3
a: no special abilities


You were on level 2 of the Dungeon.
You were very full.

You visited 1 branch of the dungeon, and saw 2 of its levels.

You collected 83 gold pieces.

Inventory:

Hand Weapons
 a - a +0 hand crossbow
 b - a +0 short sword (weapon)
Missiles
 d - 17 bolts
Armour
 e - a +0 robe (worn)
Jewellery
 h - a +3 ring of dexterity (left hand)
Scrolls
 g - a scroll of recharging {unknown}
 i - a scroll of random uselessness {unknown}
 j - a scroll of blinking {unknown}
 m - a scroll of teleportation {unknown}
Potions
 k - a potion of curing
 l - a potion of flight {unknown}
Books
 c - a book of Debilitation

   Spells                             Type                      Level
   a - Corona                         Hexes                        1
   b - Slow                           Hexes                        2
   c - Gell's Gravitas                Hexes/Translocation          3
   d - Inner Flame                    Hexes/Fire                   3
   e - Cause Fear                     Hexes                        4
   f - Leda's Liquefaction            Hexes/Earth                  4
Comestibles
 f - a meat ration


   Skills:
 * Level 1.5 Fighting
 * Level 3.0 Crossbows
 + Level 2.8 Dodging
 + Level 1.3 Spellcasting
 + Level 3.3 Hexes


You had 3 spell levels left.
You knew the following spells:

 Your Spells              Type           Power        Failure   Level  Hunger
a - Corona                Hex            ##.....      10%         1    ##.....


Dungeon Overview and Level Annotations

Branches:
Dungeon (2/15)

Altars:


Innate Abilities, Weirdness & Mutations

You are small and have problems with some larger weapons.
You are carnivorous and can eat meat at any time.


Message History

The goblin is severely wounded.
The hobgoblin hits you. The goblin misses you.
You barely miss the goblin.
The goblin is severely wounded.
The hobgoblin hits you.
* * * LOW HITPOINT WARNING * * *
The goblin closely misses you.
You hit the goblin.
You kill the goblin!
The hobgoblin closely misses you.
You closely miss the hobgoblin.
The hobgoblin is lightly wounded.
The hobgoblin completely misses you.
You hit the hobgoblin but do no damage.
The hobgoblin is lightly wounded.
The hobgoblin misses you. The hobgoblin completely misses you.
You hit the hobgoblin but do no damage.
The hobgoblin is lightly wounded.
The hobgoblin misses you. The hobgoblin hits you with a club.
You die...

......g†.####
.(.....g.##
######....#
###..gg#######
........'g.((.#
.........####g##
[.......... #g#
............#g#
............g@#
..........#####
####...... #####


You could see 3 hobgoblins and a goblin.

Vanquished Creatures
  An ooze (D:1)
  2 dart slugs (D:1)
  2 giant cockroaches
  5 goblins
  2 hobgoblins (D:1)
  A kobold (D:1)
  3 bats (D:1)
  A frilled lizard (D:2)
  4 rats
21 creatures vanquished.

Notes
Turn   | Place    | Note
-------+----------+-------------------------------------------
     0 | D:1      | feito the Kobold Arcane Marksman began the quest for the Orb.
     0 | D:1      | Reached XP level 1. HP: 12/12 MP: 2/2
   178 | D:1      | Reached XP level 2. HP: 12/16 MP: 3/3
   754 | D:1      | Reached XP level 3. HP: 20/20 MP: 4/4
  1060 | D:2      | Slain by a hobgoblin

Vault maps used:
D:1:      matt_arrival_diagonals
D:2:      minmay_misc_feat_room, minmay_lizard_pond, uniq_robin

Skill      XL: |  1  2  3 |
---------------+----------+-----
Crossbows      | 3 |  3.0
Fighting       | |  1.5
Dodging        | |  2.8
Spellcasting   | |  1.3
Hexes          | |  3.3

Action                   || total
-------------------------++-------
Melee: Short sword       ||    50
 Fire: Hand crossbow     ||    30
 Cast: Corona            ||     2
  Use: Potion            ||     1
 Stab: Sleeping          ||     1
  Eat: Chunk             ||     8
Armor: Robe              ||     8
Dodge: Dodged            ||    49
